 Dungeon Crawl Stone Soup version 0.26.0-90-g5fd8617961 (webtiles) character file.

Game seed: 706919153288707318

228 Gadfly the Cudgeller (level 6, -2/58 (59) HPs)
             Began as an Ogre Gladiator on Feb 3, 2021.
             Killed from afar by a white imp (7 damage)
             ... with a puff of frost
             ... on level 5 of the Dungeon.
             The game lasted 00:07:52 (4382 turns).

Gadfly the Cudgeller (Ogre Gladiator)               Turns: 4382, Time: 00:07:52

HP:   -2/58 (59)    AC:  4    Str: 21    XL:     6   Next: 2%
MP:   8/8           EV: 10    Int:  9    God:
Gold: 174           SH:  0    Dex: 10    Spells: 5/5 levels left

rFire    . . .     SeeInvis .   a - +1 flail
rCold    . . .     Faith    .   (no shield)
rNeg     . . .     Spirit   .   b - +0 robe
rPois    .         Reflect  .   c - +1 hat
rElec    .         Harm     .   (no cloak)
rCorr    .         Rampage  .   (gloves unavailable)
Will     .....                  (boots unavailable)
Stlth    +.........             (no amulet)
HPRegen  0.19/turn              j - ring of flight
MPRegen  0.11/turn              (no ring)

@: lightly drained
A: large, unfitting armour, tough skin 1
a: Evoke Flight


You were on level 5 of the Dungeon.
You visited 1 branch of the dungeon, and saw 7 of its levels.

You collected 174 gold pieces.

Inventory:

Hand Weapons
 a - a +1 flail (weapon)
Missiles
 d - 3 throwing nets
 i - 87 stones (quivered)
Armour
 b - a +0 robe (worn)
 c - a +1 hat (worn)
Jewellery
 j - a ring of flight (left hand)
Scrolls
 e - 2 scrolls of enchant weapon
 f - a scroll of enchant armour
 g - a scroll of teleportation
 k - 2 scrolls of identify
Potions
 h - 2 potions of lignification


   Skills:
 - Level 2.6 Fighting
 + Level 3.2 Maces & Flails
 + Level 2.7 Throwing
 * Level 2.1 Armour
 - Level 2.6 Dodging
 * Level 2.7 Invocations
 * Level 2.0 Evocations


You had 5 spell levels left.
You didn't know any spells.
Your spell library was empty.

Dungeon Overview and Level Annotations

Branches:
Dungeon (7/15)
 Temple: D:4-7

Altars:
Ashenzari
Cheibriados
Trog
Xom

Shops:
D:4 :


Innate Abilities, Weirdness & Mutations

You are too large for most types of armour.
You have tough skin. (AC +1)


Message History

The hound bites you.
The necrophage hits you but does no damage.
An adder comes into view.
The adder hisses angrily.
The necrophage closely misses you.
The orc priest invokes the aid of Beogh against you.
Beogh smites you!
* * * LOW HITPOINT WARNING * * *
The adder bites you.
* * * LOW HITPOINT WARNING * * *
Found a dented zirconium amulet.
The adder barely misses you.
Okay, then.
A white imp comes into view.
The white imp shouts, "Accept thy failure, thou currish rude-growing measle!"
You hear a shout!
The adder completely misses you. The white imp gestures at you.
The puff of frost hits you!
You die...

# ... .# # ......
#.### #..#.#
#....####..#.##
.#####...>...#..##
........o##.#....##
.#######h##"#.....#
#o##.#@...##.
#.#.S....5..#
######.#n.##...##.#
.......o...# #.##
#######.#### .# #.#
.# #.# # #.# #.#


You could see an orc warrior, a necrophage, an adder and a white imp.

Vanquished Creatures
  A hound (D:2)
  A worker ant (D:4)
  A gnoll (D:6)
  7 adders
  An adder skeleton (D:4)
  3 worms
  2 dart slugs
  4 leopard geckos
  2 orcs (D:3)
  A ball python (D:4)
  5 bats
  5 giant cockroaches
  7 goblins
  9 hobgoblins
  9 jackals
  2 quokkas
  5 frilled lizards
  4 kobolds
  15 rats
84 creatures vanquished.

Notes
Turn   | Place    | Note
-------+----------+-------------------------------------------
     0 | D:1      | Gadfly the Ogre Gladiator began the quest for the Orb.
     0 | D:1      | Reached XP level 1. HP: 22/22 MP: 1/1
    42 | D:1      | Reached XP level 2. HP: 14/29 MP: 2/2
   383 | D:1      | Reached skill level 1 in Invocations
   790 | D:1      | Reached XP level 3. HP: 21/36 MP: 3/3
   808 | D:1      | Reached skill level 1 in Armour
  1160 | D:2      | Reached skill level 1 in Evocations
  1404 | D:2      | Reached XP level 4. HP: 44/44 MP: 5/5
  1456 | D:2      | Reached skill level 3 in Maces & Flails
  1815 | D:2      | Found a snail-covered altar of Cheibriados.
  1815 | D:2      | Found a shimmering altar of Xom.
  1883 | D:2      | Reached XP level 5. HP: 43/50 MP: 6/6
  2507 | D:3      | You fall into a shaft and drop 1 floor!
  2507 | D:4      | Found a bloodstained altar of Trog.
  2507 | D:4      | Noticed a moth of wrath
  2972 | D:4      | Found Roageotapew's Book Emporium.
  2998 | D:4      | Found a broken altar of Ashenzari.
  3262 | D:4      | Noticed a phantom
  4239 | D:4      | You fall into a shaft and drop 3 floors!
  4313 | D:7      | Found a broken altar of Ashenzari.
  4340 | D:6      | Reached XP level 6. HP: 52/59 MP: 6/8
  4361 | D:6      | Noticed a necrophage
  4366 | D:5      | Entered Level 5 of the Dungeon
  4366 | D:5      | Noticed an orc warrior
  4382 | D:5      | Killed from afar by a white imp

Illustrated notes

Levels and vault maps discovered:
D:1:      mrwooster_arrival_arrow, layout_rooms
D:2:      layout_loops_cross, gammafunk_temple_overflow_pools
D:3:      layout_loops_ring
D:4:      layout_basic, ashenzari_altar_1, serial_shops, kennysheep_mini,
          tgw_trog
D:5:      layout_loops_ring, serial_shops, shop, uniq_crazy_yiuf_cottage
D:6:      lemuel_upstairs_altar, layout_rooms, basic_altar,
          kennysheep_generic_room_7, uniq_pikel, uniq_duvessa
D:7:      layout_basic, chequers_temple_overflow_statue_of_worship,
          nemelex_xobeh_ov_fountains_minmay,
          minmay_temple_entry_statues_pillars, basic_altar, uniq_harold

Skill      XL: |  1  2  3  4  5 |
---------------+----------------+-----
Invocations    | 1 2 |  2.7
Armour         | 1 2 |  2.1
Evocations     | 1 2 |  2.0
Maces & Flails | 3 |  3.2
Fighting       | |  2.6
Throwing       | |  2.7
Dodging        | |  2.6

Action                   |  1- 3 |  4- 6 || total
-------------------------+-------+-------++-------
Melee: Flail             |   108 |   196 ||   304
Throw: Stone             |     6 |    12 ||    18
  Use: Scroll            |     3 |     7 ||    10
 Stab: Distracted        |       |     1 ||     1
Armor: Robe              |    61 |    78 ||   139
Dodge: Dodged            |    76 |   123 ||   199
